[ AOE2 MATCH · #465373828 ]
1v1 RMSpanish vs Celts
Player's team · WIN
Rival team · LOSS
[ REPLAY ANALYSIS · EXTRACTED FROM THE RECORDED GAME ]
Feudal
12:23
Castle
23:26
Imperial
48:23
| APM avg | 37.3 |
| APM peak | 80 |
| eAPM avg | 17.0 |
| Villagers / military | 120 / 179 |
Focus
⚔️ 38.4% · 🌾 61.6%
Militia ×62 · Spearman ×57 · Conquistador ×33 · Scout Cavalry ×15 · Trebuchet (Packed) ×6 · Mangonel ×4
Feudal
9:56
Castle
25:43
Imperial
45:07
| APM avg | 28.5 |
| APM peak | 62 |
| eAPM avg | 19.3 |
| Villagers / military | 103 / 226 |
Focus
⚔️ 46.2% · 🌾 53.8%
Skirmisher ×131 · Spearman ×22 · Knight ×20 · Militia ×14 · Archer ×14 · Scorpion ×6
Match map
Initial resources + every placement click. Lines = walls · curves = elevation contours. ◆ gold · ⬟ stone · ● berries · ✦ relic · ◌ wall gap
Your base· Open — unwalled flank
alvareznico1's base· Open — unwalled flank
Smoothed initial terrain · ◌ = detected wall gap · hover for details
Inputs per minute
— biccers - - alvareznico1
Build order — biccers
First 150 of 396 actions detected
| 0:01 | Create | Villager (Male) |
| 0:02 | Create | Villager (Male) |
| 0:02 | Create | Villager (Male) |
| 0:04 | Build | House |
| 0:06 | Build | House |
| 0:14 | Create | Villager (Male) |
| 1:38 | Create | Villager (Male) |
| 1:45 | Build | Lumber Camp |
| 2:04 | Create | Villager (Male) |
| 2:24 | Create | Villager (Male) |
| 2:48 | Create | Villager (Male) |
| 3:12 | Create | Villager (Male) |
| 3:26 | Build | House |
| 3:34 | Build | House |
| 3:39 | Create | Villager (Male) |
| 3:51 | Create | Villager (Male) |
| 4:21 | Build | Mill |
| 4:42 | Create | Villager (Male) |
| 5:15 | Create | Villager (Male) |
| 6:03 | Create | Villager (Male) |
| 6:03 | Create | Villager (Male) |
| 6:03 | Create | Villager (Male) |
| 6:04 | Create | Villager (Male) |
| 6:04 | Create | Villager (Male) |
| 6:21 | Build | House |
| 6:34 | Create | Villager (Male) |
| 6:34 | Create | Villager (Male) |
| 6:35 | Create | Villager (Male) |
| 6:51 | Build | Lumber Camp |
| 8:02 | Create | Villager (Male) |
| 8:03 | Create | Villager (Male) |
| 8:04 | Create | Villager (Male) |
| 8:21 | Build | House |
| 9:15 | Build | Farm |
| 9:43 | Build | Palisade Wall |
| 9:46 | Build | Palisade Wall |
| 9:49 | Build | Palisade Gate |
| 10:00 | Research | Feudal Age |
| 10:10 | Build | Mining Camp |
| 10:30 | Build | Farm |
| 10:35 | Create | Villager (Male) |
| 10:35 | Create | Villager (Male) |
| 10:49 | Build | Palisade Wall |
| 10:59 | Build | Palisade Wall |
| 11:02 | Build | Palisade Gate |
| 11:23 | Build | Palisade Wall |
| 11:31 | Build | Palisade Gate |
| 11:56 | Build | House |
| 12:00 | Build | House |
| 12:21 | Research | Loom |
| 12:21 | Create | Villager (Male) |
| 12:21 | Create | Villager (Male) |
| 12:23 | Age | Feudal Age |
| 12:31 | Build | Barracks |
| 12:52 | Create | Villager (Male) |
| 12:52 | Create | Villager (Male) |
| 13:15 | Build | Stable |
| 13:38 | Create | Militia |
| 13:39 | Create | Militia |
| 13:40 | Create | Militia |
| 13:46 | Create | Villager (Male) |
| 14:00 | Build | Blacksmith |
| 14:06 | Build | Market |
| 14:14 | Create | Scout Cavalry |
| 14:14 | Create | Scout Cavalry |
| 14:26 | Create | Villager (Male) |
| 14:34 | Build | Palisade Wall |
| 14:54 | Build | Farm |
| 14:54 | Build | Farm |
| 14:54 | Build | Farm |
| 14:55 | Build | Farm |
| 14:55 | Build | Farm |
| 14:55 | Build | Farm |
| 14:55 | Build | Farm |
| 14:57 | Build | House |
| 15:23 | Create | Villager (Male) |
| 15:26 | Build | Farm |
| 15:26 | Build | Farm |
| 15:34 | Build | Farm |
| 15:51 | Create | Scout Cavalry |
| 15:51 | Create | Scout Cavalry |
| 16:08 | Build | Stable |
| 16:10 | Create | Scout Cavalry |
| 16:24 | Create | Scout Cavalry |
| 16:26 | Create | Militia |
| 16:27 | Create | Militia |
| 16:42 | Build | Farm |
| 16:49 | Create | Scout Cavalry |
| 16:49 | Create | Scout Cavalry |
| 16:52 | Build | Farm |
| 16:56 | Build | Farm |
| 17:26 | Create | Villager (Male) |
| 17:54 | Build | House |
| 18:21 | Build | Farm |
| 18:23 | Create | Villager (Male) |
| 18:23 | Create | Villager (Male) |
| 18:28 | Create | Villager (Male) |
| 18:32 | Build | House |
| 18:44 | Create | Villager (Male) |
| 18:50 | Build | Farm |
| 18:50 | Build | Farm |
| 18:50 | Build | Farm |
| 18:51 | Build | Farm |
| 18:56 | Build | House |
| 19:18 | Create | Villager (Male) |
| 19:21 | Build | House |
| 19:35 | Build | Mining Camp |
| 19:41 | Build | Mining Camp |
| 19:48 | Build | House |
| 20:44 | Build | Barracks |
| 20:46 | Research | Castle Age |
| 21:47 | Research | Man-at-Arms (upgrade) |
| 21:48 | Create | Scout Cavalry |
| 21:49 | Create | Scout Cavalry |
| 22:19 | Build | Palisade Wall |
| 22:25 | Build | Palisade Wall |
| 22:28 | Build | Palisade Gate |
| 22:34 | Build | House |
| 22:50 | Build | House |
| 22:51 | Build | Palisade Wall |
| 22:55 | Create | Villager (Male) |
| 22:56 | Create | Villager (Male) |
| 22:57 | Create | Scout Cavalry |
| 22:58 | Create | Scout Cavalry |
| 23:08 | Create | Scout Cavalry |
| 23:08 | Create | Scout Cavalry |
| 23:08 | Create | Scout Cavalry |
| 23:14 | Create | Militia |
| 23:15 | Create | Militia |
| 23:16 | Create | Militia |
| 23:26 | Age | Castle Age |
| 23:30 | Create | Villager (Male) |
| 23:45 | Build | Castle |
| 24:04 | Build | Castle |
| 24:18 | Build | Palisade Wall |
| 24:24 | Create | Villager (Male) |
| 24:25 | Create | Villager (Male) |
| 24:31 | Build | Archery Range |
| 24:42 | Create | Villager (Male) |
| 24:42 | Create | Villager (Male) |
| 25:15 | Research | Light Cavalry (upgrade) |
| 25:16 | Create | Conquistador |
| 25:17 | Create | Conquistador |
| 25:17 | Create | Conquistador |
| 25:32 | Create | Villager (Male) |
| 25:48 | Create | Conquistador |
| 26:09 | Build | Farm |
| 26:15 | Build | Farm |
| 27:00 | Create | Conquistador |
| 27:00 | Create | Conquistador |
Build order — alvareznico1
First 150 of 482 actions detected
| 0:02 | Build | House |
| 0:04 | Build | House |
| 0:04 | Create | Villager (Male) |
| 0:04 | Create | Villager (Male) |
| 0:04 | Create | Villager (Male) |
| 0:05 | Create | Villager (Male) |
| 1:41 | Create | Villager (Male) |
| 1:42 | Create | Villager (Male) |
| 2:09 | Create | Villager (Male) |
| 2:09 | Create | Villager (Male) |
| 2:17 | Build | Lumber Camp |
| 2:22 | Create | Villager (Male) |
| 2:22 | Create | Villager (Male) |
| 2:53 | Create | Villager (Male) |
| 2:54 | Create | Villager (Male) |
| 3:07 | Create | Villager (Male) |
| 3:07 | Create | Villager (Male) |
| 3:40 | Create | Villager (Male) |
| 3:40 | Create | Villager (Male) |
| 3:50 | Build | House |
| 3:51 | Build | House |
| 4:07 | Create | Villager (Male) |
| 4:07 | Create | Villager (Male) |
| 4:13 | Build | House |
| 4:38 | Create | Villager (Male) |
| 4:38 | Create | Villager (Male) |
| 5:04 | Create | Villager (Male) |
| 5:32 | Create | Villager (Male) |
| 5:32 | Create | Villager (Male) |
| 5:51 | Build | Mill |
| 5:51 | Create | Villager (Male) |
| 6:29 | Build | Farm |
| 6:45 | Research | Loom |
| 7:15 | Create | Villager (Male) |
| 7:46 | Research | Feudal Age |
| 8:23 | Build | Lumber Camp |
| 9:04 | Build | House |
| 9:06 | Build | House |
| 9:08 | Build | House |
| 9:09 | Create | Villager (Male) |
| 9:10 | Create | Villager (Male) |
| 9:15 | Build | Barracks |
| 9:47 | Build | Mining Camp |
| 9:56 | Age | Feudal Age |
| 10:03 | Research | Double-Bit Axe |
| 10:16 | Create | Villager (Male) |
| 10:16 | Create | Villager (Male) |
| 10:20 | Build | Farm |
| 10:21 | Build | Farm |
| 10:21 | Build | Farm |
| 10:33 | Create | Militia |
| 10:34 | Create | Militia |
| 10:42 | Create | Villager (Male) |
| 10:58 | Build | Archery Range |
| 11:05 | Create | Militia |
| 11:30 | Create | Villager (Male) |
| 11:31 | Create | Villager (Male) |
| 11:39 | Build | Farm |
| 11:50 | Build | Farm |
| 11:50 | Build | Farm |
| 11:51 | Build | Farm |
| 11:55 | Create | Villager (Male) |
| 11:55 | Create | Villager (Male) |
| 12:40 | Create | Villager (Male) |
| 12:40 | Create | Villager (Male) |
| 12:58 | Build | Archery Range |
| 12:59 | Create | Archer |
| 13:00 | Create | Archer |
| 13:00 | Create | Archer |
| 13:00 | Create | Archer |
| 13:01 | Create | Militia |
| 13:01 | Create | Militia |
| 13:10 | Build | Farm |
| 13:11 | Build | Farm |
| 13:12 | Build | Farm |
| 13:14 | Create | Villager (Male) |
| 13:34 | Create | Villager (Male) |
| 13:34 | Create | Villager (Male) |
| 13:40 | Build | Farm |
| 13:57 | Create | Villager (Male) |
| 13:57 | Create | Villager (Male) |
| 14:12 | Create | Archer |
| 14:12 | Create | Archer |
| 14:17 | Build | House |
| 14:18 | Build | House |
| 14:19 | Build | House |
| 14:27 | Create | Militia |
| 14:27 | Create | Militia |
| 14:27 | Create | Militia |
| 14:32 | Create | Villager (Male) |
| 14:33 | Create | Villager (Male) |
| 14:49 | Build | Farm |
| 14:49 | Build | Farm |
| 14:50 | Build | Farm |
| 14:50 | Build | Farm |
| 14:51 | Build | Farm |
| 14:51 | Build | Farm |
| 15:02 | Create | Villager (Male) |
| 15:03 | Create | Villager (Male) |
| 15:43 | Create | Villager (Male) |
| 15:43 | Create | Villager (Male) |
| 15:45 | Build | Farm |
| 15:46 | Create | Villager (Male) |
| 15:46 | Create | Villager (Male) |
| 16:47 | Build | Blacksmith |
| 16:49 | Build | House |
| 16:49 | Build | House |
| 16:50 | Build | House |
| 16:56 | Build | Farm |
| 16:57 | Build | Farm |
| 16:57 | Build | Farm |
| 16:58 | Build | Farm |
| 17:16 | Create | Villager (Male) |
| 17:17 | Create | Villager (Male) |
| 17:17 | Create | Villager (Male) |
| 17:27 | Research | Wheelbarrow |
| 18:28 | Create | Spearman |
| 18:28 | Create | Spearman |
| 18:29 | Create | Spearman |
| 18:30 | Create | Archer |
| 18:31 | Create | Archer |
| 18:31 | Create | Archer |
| 18:31 | Create | Archer |
| 18:31 | Create | Archer |
| 18:33 | Create | Spearman |
| 18:34 | Create | Spearman |
| 18:38 | Create | Villager (Male) |
| 18:38 | Create | Villager (Male) |
| 19:03 | Research | Forging |
| 19:06 | Create | Villager (Male) |
| 19:07 | Create | Villager (Male) |
| 19:07 | Create | Villager (Male) |
| 19:14 | Build | Farm |
| 19:14 | Build | Farm |
| 19:15 | Build | Farm |
| 19:16 | Build | Farm |
| 19:16 | Build | Farm |
| 19:17 | Build | Farm |
| 19:17 | Build | Farm |
| 19:18 | Build | Farm |
| 19:32 | Create | Archer |
| 19:32 | Create | Archer |
| 19:33 | Create | Archer |
| 20:03 | Build | House |
| 20:09 | Build | House |
| 20:14 | Build | House |
| 20:35 | Create | Villager (Male) |
| 20:36 | Create | Villager (Male) |
| 21:04 | Build | Farm |
| 21:13 | Research | Fletching |
Match timeline
| 9:15 | alvareznico1 · first_building Barracks |
| 9:43 | biccers · wall_segment Palisade Wall x4 |
| 9:46 | biccers · wall_segment Palisade Wall x8 |
| 9:56 | alvareznico1 · age_up feudal |
| 10:49 | biccers · wall_segment Palisade Wall x6 |
| 10:58 | alvareznico1 · first_building Archery Range |
| 10:59 | biccers · wall_segment Palisade Wall x14 |
| 11:23 | biccers · wall_segment Palisade Wall x15 |
| 12:23 | biccers · age_up feudal |
| 12:31 | biccers · first_building Barracks |
| 13:15 | biccers · first_building Stable |
| 14:34 | biccers · wall_segment Palisade Wall x1 |
| 22:19 | biccers · wall_segment Palisade Wall x4 |
| 22:25 | biccers · wall_segment Palisade Wall x6 |
| 22:51 | biccers · wall_segment Palisade Wall x1 |
| 23:26 | biccers · age_up castle |
| 23:45 | biccers · first_building Castle |
| 24:18 | biccers · wall_segment Palisade Wall x3 |
| 24:31 | biccers · first_building Archery Range |
| 25:43 | alvareznico1 · age_up castle |
| 26:08 | alvareznico1 · wall_segment Stone Wall x10 |
| 29:07 | alvareznico1 · wall_segment Stone Wall x1 |
| 31:26 | biccers · wall_segment Palisade Wall x1 |
| 31:56 | alvareznico1 · first_building Monastery |
| 34:50 | alvareznico1 · wall_segment Stone Wall x1 |
| 34:51 | alvareznico1 · wall_segment Stone Wall x1 |
| 35:18 | biccers · wall_segment Palisade Wall x3 |
| 37:34 | alvareznico1 · first_building Siege Workshop |
| 38:35 | biccers · first_building Siege Workshop |
| 40:49 | alvareznico1 · first_building Stable |
| 44:00 | alvareznico1 · first_building Castle |
| 44:12 | biccers · first_market_buy 100 wood |
| 45:01 | biccers · first_building Monastery |
| 45:07 | alvareznico1 · age_up imperial |
| 48:12 | biccers · wall_segment Palisade Wall x2 |
| 48:23 | biccers · age_up imperial |
| 53:20 | alvareznico1 · resign |
[ AI ANALYSIS · 1 CREDIT ]
What really happened in this match?
Wolo.gg analyzes every decision: build order, eco, micro, common mistakes by bracket. Personalized analysis on WhatsApp or Discord in 30 seconds.
Civ guide
Spanish
Map guide
Arabia
Perfil
Jugador #242409